 Dungeon Crawl Stone Soup version 0.13-a0-2960-g2f00e6d (webtiles) character file.

3991 PolkaDot the Conjurer (level 9, 0/55 HPs)
             Began as a Vampire Wizard on Sept 5, 2013.
             Was a Believer of Vehumet.
             Slain by Gruud's ghost (12 damage)
             ... on Level 9 of the Dungeon on Sept 6, 2013.
             The game lasted 00:59:42 (11542 turns).

PolkaDot the Conjurer (Vampire Wizard)             Turns: 11542, Time: 00:59:42

HP   0/55        AC  6     Str  6      XL: 9   Next: 83%
MP  16/19        EV 12     Int 23      God: Vehumet [**....]
Gold 436         SH  0     Dex 12      Spells:  5 memorised,  4 levels left

Res.Fire  : . . .   See Invis. : +   y - +2 short sword (drain)
Res.Cold  : . . .   Warding    : .   N - +2 elf robe {MR+}
Life Prot.: + . .   Conserve   : .   (no shield)
Res.Poison: .       Res.Corr.  : .   b - +0 wizard hat
Res.Elec. : .       Clarity    : .   C - +0 cloak
Sust.Abil.: . .     Spirit.Shd : .   s - +0 pair of orc gauntlets
Res.Mut.  : .       Stasis     : .   (no boots)
Res.Rott. : .       Flight     : .   M - amulet of faith
Saprovore : . . .                    j - ring of wizardry
                                     g - ring of wizardry

@: quite resistant to hostile enchantments, stealthy
A: bottle blood, fangs 3, see invisible, unbreathing
a: Bat Form, Bottle Blood, Renounce Religion


You were on level 9 of the Dungeon.
You worshipped Vehumet.
Vehumet was most pleased with you.
You were not thirsty.

You visited 2 branches of the dungeon, and saw 10 of its levels.

You collected 416 gold pieces.

Inventory:

Hand weapons
 y - a +2,+2 short sword of draining (weapon)
 G - a +2,+1 elven dagger of flaming (quivered)
Armour
 b - a +0 wizard hat (worn)
 s - a +0 pair of orcish gauntlets (worn)
 C - a +0 cloak (worn)
 N - a +2 elven robe of magic resistance (worn)
Magical devices
 a - a wand of draining (2)
 h - a wand of magic darts (11)
 z - a wand of confusion (10)
 A - a wand of enslavement (12) {unknown}
 I - a wand of digging (8)
 J - a wand of enslavement (9) {unknown}
 K - a wand of cold (5) {unknown}
 L - a wand of paralysis (14) {unknown}
Scrolls
 e - 5 scrolls of remove curse {unknown}
 l - 2 scrolls of recharging {unknown}
 m - 3 scrolls of teleportation {unknown}
 o - 3 scrolls of identify
 p - a scroll of enchant armour {unknown}
 q - 2 scrolls of curse weapon {unknown}
 u - a scroll of magic mapping {unknown}
 w - a scroll of amnesia {unknown}
 B - a scroll of fog {unknown}
 E - 2 scrolls of random uselessness {unknown}
 F - a scroll of fear {unknown}
 O - a scroll of blinking
Jewellery
 g - a ring of wizardry (left hand)
 j - a ring of wizardry (right hand)
 M - an amulet of faith (around neck)
Potions
 i - a potion of restore abilities
 n - a potion of paralysis
 r - a potion of flight
 t - 2 potions of brilliance
 x - 2 potions of mutation
 D - 2 potions of agility
Books
 c - a book of Minor Magic

   Spells                             Type                      Level
   *Magic Dart                        Conjuration                  1
   Blink                              Translocation                2
   Call Imp                           Summoning                    2
   Repel Missiles                     Charms/Air                   2
   Slow                               Hexes                        2
   *Conjure Flame                     Conjuration/Fire             3
   *Mephitic Cloud                    Conjuration/Poison/Air       3
 H - a book of Unlife

   Spells                             Type                      Level
   Recall                             Summoning/Translocation      3
   Animate Dead                       Necromancy                   4
   Control Undead                     Necromancy                   4
   Twisted Resurrection               Necromancy                   5
   Death Channel                      Necromancy                   6
   Simulacrum                         Ice/Necromancy               6
 P - a book of the Dragon

   Spells                             Type                      Level
   Flight                             Charms/Air                   3
   Cause Fear                         Hexes                        4
   Bolt of Fire                       Conjuration/Fire             6
   Dragon Form                        Transmutation                7
   Summon Dragon                      Summoning                    9


   Skills:
 - Level 2.1 Dodging
 - Level 3.0 Stealth
 - Level 3.0 Spellcasting
 * Level 8.6 Conjurations
   Level 1.0 Summonings
   Level 0.7 Translocations
 + Level 4.7 Ice Magic
 + Level 7.0 Air Magic


You had 4 spell levels left.
You knew the following spells:

 Your Spells              Type           Power        Failure   Level  Hunger
a - Throw Frost           Conj/Ice       ####..       1%          2    ##.....
d - Mephitic Cloud        Conj/Pois/Air  ####....     1%          3    ###....
s - Conjure Flame         Conj/Fire      ###.....     2%          3    ###....
x - Freeze                Ice            ####         1%          1    None
z - Magic Dart            Conj           ####         1%          1    None


Dungeon Overview and Level Annotations

Branches:
Dungeon (9/27)             Temple (1/1) D:4             Orc (0/4) D:6
   Lair: D:8-13

Altars:
Ashenzari
Cheibriados
Elyvilon
Fedhas
Kikubaaqudgha
Makhleb
Nemelex Xobeh
Sif Muna
Trog
Vehumet
Xom
Yredelemnul
Zin
the Shining One

Shops:
D:5 }   D:7 %

Annotations:
D:9 Gruud's ghost, experienced DsTm


Innate Abilities, Weirdness & Mutations

You can bottle blood from corpses.
You have razor-sharp teeth.*
You have supernaturally acute eyesight.
You can survive without breathing.*


Message History

Press: ? - help, v - describe, . - travel
Here: Gruud's ghost (almost destroyed)
The floor.
Evoke which item? (* to show all) (? for menu, Esc to quit)
Zapping:
z - a wand of confusion (11)
Press: ? - help, Shift-Dir - straight line, f/p - Gruud's ghost
Aim: Gruud's ghost (almost destroyed)
Okay, then.
Gruud's ghost stares at you.
You feel cold.
You feel a little less agile now.
Gruud's ghost wails, "You will join me soon!"
Gruud's ghost hits you but does no damage.
Evoke which item? (* to show all) (? for menu, Esc to quit)
Zapping:
z - a wand of confusion (11)
Press: ? - help, Shift-Dir - straight line, f/p - Gruud's ghost
Aim: Gruud's ghost (almost destroyed) Gruud's ghost easily resists.
This wand has 10 charges left.
Gruud's ghost hits you!
You die...

##########..#
<..............#
................# #
##...%...........#.#
.................#.#
...................#
............####.###
............# #.#
............# #@#
..#########.# #p#
#.# #.#
########.####.#
...........##.#
####.....(.##.#
#.......##.###
............%..#
#######.####.<.#


You could see Gruud's ghost.

Vanquished Creatures
  A hungry ghost (D:7)
  2 hippogriffs
  A phantom (D:8)
  2 centaurs (D:7)
  7 ogres
  Sigmund (D:2)
  Duvessa (D:7)
  6 giant frogs
  Blork the orc (D:6)
  A water moccasin (D:9)
  6 killer bees
  4 wights (D:6)
  A hippogriff skeleton (D:7)
  A centaur zombie (D:7)
  Dowan (D:7)
  4 crimson imps
  An iguana (D:7)
  A hound (D:7)
  A jelly (D:5)
  4 orc priests
  8 worker ants
  4 orc wizards
  An orc warrior (D:7)
  9 adders
  6 gnolls
  5 worms
  7 giant geckos
  25 orcs
  A bat skeleton (D:8)
  7 giant cockroaches
  9 hobgoblins
  7 jackals
  20 kobolds
  8 bats
  4 giant newts
  2 giant spores
  13 goblins
  A hobgoblin skeleton (D:4)
  A kobold skeleton (D:4)
  A quokka (D:7)
  A quokka skeleton (D:4)
  19 rats
  16 ballistomycetes
  A fungus (D:1)
223 creatures vanquished.

Vanquished Creatures (others)
  Terence (D:2)
  A giant spore (D:7)
2 creatures vanquished.

Grand Total: 225 creatures vanquished

Notes
Turn   | Place    | Note
--------------------------------------------------------------
     0 | D:1      | PolkaDot, the Vampire Wizard, began the quest for the Orb.
     0 | D:1      | Reached XP level 1. HP: 11/11 MP: 6/6
   256 | D:1      | Reached skill level 1 in Conjurations
   609 | D:1      | Reached XP level 2. HP: 17/17 MP: 6/8
   948 | D:1      | Reached XP level 3. HP: 22/22 MP: 10/10
   954 | D:1      | Learned a level 3 spell: Conjure Flame
   958 | D:1      | Learned a level 3 spell: Mephitic Cloud
  2533 | D:2      | Killed Terence
  2674 | D:2      | Found a sparkling altar of Nemelex Xobeh.
  2757 | D:2      | Noticed Sigmund
  2814 | D:2      | Killed Sigmund
  2814 | D:2      | Reached XP level 4. HP: 28/28 MP: 1/12
  2974 | D:2      | Reached XP level 5. HP: 33/33 MP: 9/13
  3975 | D:3      | Reached skill level 1 in Air Magic
  3978 | D:3      | Reached skill level 4 in Conjurations
  4670 | D:3      | Reached XP level 6. HP: 37/39 MP: 9/15
  6114 | D:4      | Reached skill level 5 in Conjurations
  6114 | D:4      | Reached XP level 7. HP: 44/44 MP: 4/17
  6327 | D:4      | Found a staircase to the Ecumenical Temple.
  6431 | Temple   | Entered the Ecumenical Temple
  6637 | Temple   | Became a worshipper of Vehumet
  6638 | Temple   | Upgraded the game from 0.13-a0-2942-g3a822f8 to 0.13-a0-2960-g2f00e6d
  6950 | D:5      | Entered Level 5 of the Dungeon
  6994 | D:5      | Found Shiwe's Gadget Shop.
  7952 | D:6      | Reached skill level 6 in Conjurations
  7980 | D:6      | Noticed Blork the orc
  7997 | D:6      | Killed Blork the orc
  8111 | D:6      | Reached XP level 8. HP: 45/50 MP: 6/18
  8276 | D:6      | Found a staircase to the Orcish Mines.
  8459 | D:6      | Found an ancient bone altar of Kikubaaqudgha.
  8460 | D:6      | Found a white marble altar of Elyvilon.
  8791 | D:7      | Acquired Vehumet's first power
  8791 | D:7      | Offered knowledge of Freeze by Vehumet.
  8794 | D:7      | Learned a level 1 spell: Freeze
  9167 | D:7      | Reached skill level 1 in Ice Magic
  9181 | D:7      | Found Thois' Food Boutique.
  9411 | D:7      | Reached skill level 5 in Air Magic
  9456 | D:7      | Noticed Dowan
  9490 | D:7      | Reached skill level 7 in Conjurations
  9496 | D:7      | Killed Dowan
  9557 | D:7      | Noticed Duvessa
  9585 | D:7      | Killed Duvessa
  9752 | D:7      | Found a white marble altar of Elyvilon.
  9903 | D:7      | Reached XP level 9. HP: 55/55 MP: 12/19
 10285 | D:7      | Offered knowledge of Shock by Vehumet.
 10852 | D:8      | Reached skill level 8 in Conjurations
 11260 | D:8      | Offered knowledge of Throw Frost by Vehumet.
 11277 | D:9      | Learned a level 2 spell: Throw Frost
 11296 | D:9      | Noticed Gruud's ghost (experienced DsTm)
 11542 | D:9      | Slain by Gruud's ghost

Action                   |  1- 3 |  4- 6 |  7- 9 || total
-------------------------+-------+-------+-------++-------
Melee: Unarmed           |    16 |       |       ||    16
       Dagger            |    14 |     3 |       ||    17
       Short sword       |       |    16 |   219 ||   235
 Cast: Magic Dart        |   112 |   161 |   376 ||   649
       Conjure Flame     |     2 |    13 |    36 ||    51
       Mephitic Cloud    |     1 |     6 |    26 ||    33
 Abil: End Transformatio |     1 |       |       ||     1
       Bat Form          |     1 |       |       ||     1
Evoke: Wand              |       |       |     1 ||     1
  Use: Potion            |     2 |       |    16 ||    18
       Scroll            |     1 |       |     4 ||     5
 Stab: Sleeping          |     1 |       |       ||     1
       Confused          |     1 |     2 |     4 ||     7
